 Dungeon Crawl Stone Soup version 0.20-a0-309-gcba9277 (webtiles) character file.

827 GordonOverkill the Destroyer (level 7, -11/36 HPs)
             Began as a Deep Elf Conjurer on Dec 19, 2016.
             Mangled by Duvessa
             ... wielding a +0 short sword
              (14 damage)
             ... on level 5 of the Dungeon.
             The game lasted 00:17:34 (5578 turns).

GordonOverkill the Destroyer (Deep Elf Conjurer)    Turns: 5578, Time: 00:17:35

Health: -11/36     AC:  4    Str:  5    XL:     7   Next: 64%
Magic:  3/17       EV: 15    Int: 22    God:
Gold:   251        SH:  0    Dex: 15    Spells: 8/16 levels left

rFire  . . .     SeeInvis .     k - +1 hand axe
rCold  + . .     Gourm    .     a - +0 robe
rNeg   . . .     Faith    .     (no shield)
rPois  .         Spirit   .     (no helmet)
rElec  .         Reflect  .     l - +0 cloak
rCorr  .         Harm     .     (no gloves)
MR     .....                    h - +0 pair of boots
Stlth  ++........               (no amulet)
                                (no ring)
                                d - ring of protection from cold

@: no status effects
A: no striking features
a: no special abilities


You were on level 5 of the Dungeon.
You were hungry.

You visited 1 branch of the dungeon, and saw 5 of its levels.

You collected 251 gold pieces.

Inventory:

Hand Weapons
 k - a +1 hand axe (weapon)
Armour
 a - a +0 robe (worn)
 h - a +0 pair of boots (worn)
 l - a +0 cloak (worn)
 A - the cursed +0 leather armour of the Wild Haggis {Str+3 Dex+4 Stlth-, unknown}
   (You found it on level 4 of the Dungeon)

   It affects your strength (+3).
   It affects your dexterity (+4).
   It makes you less stealthy.
   It has a curse placed upon it.
 C - the +1 ring mail "Jipraw" {*Slow +Fly rElec rN++, unknown}
   (You found it on level 5 of the Dungeon)

   It insulates you from electricity.
   It greatly protects you from negative energy.
   It lets you fly.
   It may slow you when you take damage.
Jewellery
 d - a ring of protection from cold (left hand)
Wands
 B - a wand of hasting (4/9)
Scrolls
 e - a scroll of blinking {unknown}
 j - 2 scrolls of amnesia
 o - 3 scrolls of identify
 u - 2 scrolls of remove curse
 y - a scroll of noise {unknown}
 D - a scroll of enchant weapon
 E - a scroll of enchant armour {unknown}
 F - a scroll of magic mapping {unknown}
Potions
 i - a potion of mutation
 m - 2 potions of curing
 p - 2 potions of flight {unknown}
 r - a potion of lignification {unknown}
 s - a potion of degeneration {unknown}
 t - a potion of haste {unknown}
 w - a potion of cure mutation {unknown}
 x - a potion of heal wounds {unknown}
 z - 2 potions of invisibility {unknown}
 G - a potion of cancellation {unknown}
Books
 b - a book of Conjurations

   Spells                             Type                      Level
   a - Magic Dart                     Conjuration                  1
   b - Searing Ray                    Conjuration                  2
   c - Dazzling Spray                 Conjuration/Hexes            3
   d - Fulminant Prism                Conjuration/Hexes            4
   e - Iskenderun's Mystic Blast      Conjuration                  4
   f - Iskenderun's Battlesphere      Conjuration/Charms           5
 g - a book of Changes

   Spells                             Type                      Level
   a - Beastly Appendage              Transmutation                1
   b - Sticks to Snakes               Transmutation                2
   c - Spider Form                    Transmutation/Poison         3
   d - Ice Form                       Ice/Transmutation            4
   e - Blade Hands                    Transmutation                5
Comestibles
 c - 3 bread rations
 f - 2 royal jellies
 n - 5 meat rations
 q - 3 fruits
 v - 4 beef jerkies


   Skills:
 + Level 5.0 Dodging
 - Level 2.4 Stealth
 + Level 5.4 Spellcasting
 * Level 8.0 Conjurations
 + Level 4.5 Charms


You had 8 spell levels left.
You knew the following spells:

 Your Spells              Type           Power        Failure   Level  Hunger
a - Magic Dart            Conj           ####         1%          1    None
b - Searing Ray           Conj           #####.       1%          2    None
c - Iskenderun's Battles  Conj/Chrm      ####....     21%         5    #####..


Dungeon Overview and Level Annotations

Branches:
Dungeon (5/15)
 Temple: D:4-7

Altars:
Fedhas

Shops:
D:5 (

Annotations:
D:1 exclusion: downstairs
D:3 1 runed door, Terence
D:5 Duvessa


Message History

Duvessa is moderately wounded.
Your battlesphere fires!
The barrage of energy hits Duvessa.
Duvessa is heavily wounded.
The searing ray hits Duvessa.
Duvessa is heavily wounded.
Your battlesphere fires!
The barrage of energy hits Duvessa.
Duvessa is severely wounded.
Your battlesphere expends the last of its energy and dissipates.
Duvessa hits you with a short sword! x2
The searing ray hits Duvessa.
Duvessa is almost dead.
Duvessa completely misses you.
The searing ray hits Duvessa.
Duvessa is almost dead.
You finish channeling your searing ray.
Duvessa hits you with a short sword!
* * * LOW HITPOINT WARNING * * *
Duvessa hits you with a short sword!
You die...

#.....# #.....# #...)..#
#.....# #......# #.....#
#......## ####.....#
#........ .....#####
#........ .....#...#
#...ยง....
.....'..########e.......
.....#..#.......@.......
######..#.......##+##...
........'.......#
........#.......#
..##'####.......#
####....#.......#
........#.......#
........#.......#
..##....#.......#


You could see Duvessa (berserk).

Vanquished Creatures
  The ghost of WhatIsLove the Gusty, an amateur TeAE (D:3)
  An ogre (D:4)
  A phantom (D:5)
  Dowan (D:5)
  A hound (D:4)
  2 bullfrog skeletons (D:4)
  An iguana (D:4)
  Natasha (thrice) (D:4)
  3 worker ants (D:4)
  2 orc wizards
  6 adders
  4 gnolls (D:2)
  A worm (D:4)
  2 dart slugs
  3 leopard geckos
  3 orcs
  7 giant cockroaches
  11 goblins
  10 hobgoblins
  18 jackals
  6 kobolds (D:3)
  A quokka (D:3)
  A ball python (D:3)
  5 bats
  3 frilled lizards
  7 rats
  A fungus (D:3)
105 creatures vanquished.

Notes
Turn   | Place    | Note
-------+----------+-------------------------------------------
     0 | D:1      | GordonOverkill the Deep Elf Conjurer began the quest for the Orb.
     0 | D:1      | Reached XP level 1. HP: 10/10 MP: 6/6
   319 | D:1      | Reached XP level 2. HP: 15/15 MP: 5/8
   600 | D:1      | Reached skill level 5 in Conjurations
   604 | D:1      | Learned a level 2 spell: Searing Ray
  1039 | D:2      | Reached XP level 3. HP: 19/19 MP: 1/9
  1700 | D:2      | Reached XP level 4. HP: 24/24 MP: 6/11
  1755 | D:2      | Reached skill level 6 in Conjurations
  2553 | D:3      | Noticed WhatIsLove's ghost (amateur TeAE)
  2736 | D:3      | Reached XP level 5. HP: 28/28 MP: 9/12
  2743 | D:3      | Learned a level 5 spell: Iskenderun's Battlesphere
  2933 | D:3      | Reached skill level 1 in Charms
  3068 | D:3      | Noticed Terence
  3188 | D:3      | Killed WhatIsLove's ghost
  3188 | D:3      | Reached XP level 6. HP: 32/32 MP: 6/14
  3794 | D:3      | Found a runed door.
  3950 | D:4      | Noticed Natasha
  3956 | D:4      | Killed Natasha
  4020 | D:4      | Noticed Natasha
  4025 | D:4      | Killed Natasha
  4025 | D:4      | Reached skill level 7 in Conjurations
  4133 | D:4      | Noticed Natasha
  4135 | D:4      | Killed Natasha
  4298 | D:4      | Reached skill level 5 in Spellcasting
  4298 | D:4      | Reached XP level 7. HP: 36/36 MP: 8/16
  4461 | D:4      | Found a blossoming altar of Fedhas.
  4485 | D:4      | Got a shimmering leather armour
  5323 | D:5      | Entered Level 5 of the Dungeon
  5366 | D:5      | Found Veol's Antique Weapon Boutique.
  5379 | D:5      | Got a brightly glowing ring mail
  5567 | D:5      | Noticed Dowan
  5570 | D:5      | Killed Dowan
  5570 | D:5      | Reached skill level 5 in Dodging
  5570 | D:5      | Reached skill level 8 in Conjurations
  5572 | D:5      | Noticed Duvessa
  5578 | D:5      | Mangled by Duvessa

Vault maps used:
D:1:      roderic_dead_forest
D:2:      first_bread, guppyfry_early_lair_pool
D:3:      st_stairs_7, uniq_crazy_yiuf_cottage, uniq_terence
D:4:      fedhas_altar_3, uniq_natasha
D:5:      lemuel_crystal_altar, bloody_trog, grunt_temple_overflow_open,
          serial_shops, shop, basic_altar, hex_large, uniq_grinder, uniq_duvessa

Skill      XL: |  1  2  3  4  5  6  7 |
---------------+----------------------+-----
Conjurations   | 5 6 7 8 |  8.0
Dodging        | 3 4 5 |  5.0
Charms         | 2 3 4 |  4.5
Spellcasting   | 4 5 |  5.4
Stealth        | |  2.4

Action                   |  1- 3 |  4- 6 |  7- 9 || total
-------------------------+-------+-------+-------++-------
Melee: Hand axe          |    11 |    16 |       ||    27
 Cast: Magic Dart        |    61 |   101 |    33 ||   195
       Searing Ray       |     3 |    12 |    13 ||    28
       Iskenderun's Batt |       |       |     2 ||     2
  Use: Scroll            |       |     6 |     1 ||     7
       Potion            |       |     1 |       ||     1
  Eat: Chunk             |     2 |     8 |     4 ||    14
Armor: Robe              |     7 |     9 |     4 ||    20
Dodge: Dodged            |    17 |    25 |    17 ||    59
